 Dungeon Crawl Stone Soup version 0.18-a0-1300-g6e8322c (webtiles) character file.

157245 Gottschkopf the Peltast (level 17, -3/265 HPs)
             Began as a Minotaur Fighter on Feb 12, 2016.
             Was the Champion of Cheibriados.
             Splashed by a jelly's acid (9 damage)
             ... on level 1 of the Pits of Slime.
             The game lasted 02:05:55 (26063 turns).

Gottschkopf the Peltast (Minotaur Fighter)         Turns: 26063, Time: 02:05:55

Health: -3/265     AC:  4    Str: 43    XL:     17   Next: 12%
Magic:  4/17       EV:  4    Int: 24    God:    Cheibriados [******]
Gold:   1610       SH: 19    Dex: 24    Spells: 1 memorised, 14 levels left

rFire  . . .     SeeInvis +     h - +9 scimitar (slice)
rCold  . . .     Gourm    .     (armour currently unavailable)
rNeg   + + +     Faith    .     c - +0 shield
rPois  +         Spirit   .     (helmet currently unavailable)
rElec  .         Dismiss  .     (cloak currently unavailable)
rCorr  .         Reflect  .     (gloves currently unavailable)
SustAt .         Harm     .     (boots currently unavailable)
MR     ++...     NoTele   +     (no amulet)
Stlth  ++........               J - ring of protection from magic
                                r - ring of see invisible

@: tree-form, corroded equipment, very slow, very resistant to hostile
enchantments, unstealthy
A: (retaliatory headbutt), (horns 0), (talons 0), repulsion field 1, rough black
scales 1, blurry vision 1, clever 2, (cold resistance 0), high mp 1, robust 1,
wild magic 2
a: Bend Time, Temporal Distortion, Slouch, Step From Time, Renounce Religion


You were on level 1 of the Pits of Slime.
You worshipped Cheibriados.
Cheibriados was exalted by your worship.
You were near starving.
You were a tree.
You visited 5 branches of the dungeon, and saw 24 of its levels.
You visited the Abyss 1 time.
You also visited: Volcano.

You collected 1770 gold pieces.
You spent 160 gold pieces at shops.

Inventory:

Hand Weapons
 h - a +9 scimitar of slicing (weapon)
 L - a +3 scimitar of flaming
Armour
 c - a +0 shield (worn)
 g - a +2 chain mail of cold resistance
 p - a +2 pair of boots (melded)
 v - a +0 pair of gloves (melded)
 y - a +1 cloak of magic resistance (melded)
 z - a +2 cloak
 B - a fire dragon hide
 O - a +1 chain mail of fire resistance
 R - a +0 hat of spirit shield (melded)
 S - a +4 ring mail (melded)
Jewellery
 r - a ring of see invisible (left branch)
 s - an uncursed ring of fire
 H - an uncursed ring of teleportation
 I - an uncursed ring of ice
 J - a ring of protection from magic (right branch)
 P - an uncursed ring of magical power
Wands
 k - a wand of digging (14/24)
 A - a wand of polymorph (24/24)
 N - a wand of polymorph (19/24)
 X - a wand of digging (0/24)
Scrolls
 a - 10 scrolls of remove curse
 i - 14 scrolls of identify
 j - 2 scrolls of summoning
 l - 2 scrolls of fear
 o - 2 scrolls of recharging
 q - 6 scrolls of teleportation
 D - 2 scrolls of magic mapping
 G - 4 scrolls of immolation
 U - a scroll of noise {unknown}
 V - a scroll of fog
 W - a scroll of random uselessness {unknown}
 Y - 2 scrolls of enchant weapon
Potions
 d - 6 potions of might
 e - 4 potions of brilliance
 m - 3 potions of agility
 t - a potion of cancellation
 u - 5 potions of curing
 w - 2 potions of lignification
 C - 4 potions of magic
 F - 5 potions of flight
Miscellaneous
 x - a phantom mirror
 E - a stone of tremors
 Q - a disc of storms
Comestibles
 b - 13 fruits
 f - 13 bread rations
 n - 6 meat rations
 K - 13 beef jerkies
 M - a royal jelly
 T - a slice of pizza


   Skills:
 * Level 17.1 Fighting
   Level 1.3(10.9) Short Blades
 + Level 17.3 Long Blades
 + Level 14.4 Armour
 + Level 19.5 Shields
 - Level 0.1 Spellcasting
 - Level 0.1 Charms


You had 14 spell levels left.
You knew the following spells:

 Your Spells              Type           Power        Failure   Level  Hunger
a - Song of Slaying       Chrm           #.......     50%         2    ###....


Dungeon Overview and Level Annotations

Branches:
Dungeon (15/15)            Temple (1/1) D:5            Lair (6/8) D:8
 Shoals (0/4) Lair:5       Spider (0/4) Lair:6        Slime (1/6) Lair:6
    Orc (0/2) D:11         Vaults (0/5) D:14         Depths (1/5) D:15

Altars:
Ashenzari
Cheibriados
Dithmenos
Elyvilon
Fedhas
Gozag
Kikubaaqudgha
Makhleb
Nemelex Xobeh
Okawaru
Pakellas
Qazlal
Ru
Sif Muna
Trog
Vehumet
Xom
Yredelemnul
Zin
The Shining One
Jiyva

Shops:
D:5 :   D:8 }   D:12 (   D:14 *

Portals:
Hell: Depths:1
Ziggurat: Depths:1

Annotations:
Lair:6 exclusion: 4 oklob plants


Innate Abilities, Weirdness & Mutations

((You reflexively headbutt those who attack you in melee.))
((You have a pair of horns on your head.))
((You have sharp toenails.))
You are surrounded by a mild repulsion field (EV +2).
(You are partially covered in rough black scales (AC +4, Dex -1).)
Scrolls take you a little longer to read.
Your mind is very acute. (Int +4)
((Your flesh is cold resistant.))
You have an increased reservoir of magic (+10% MP).
You are robust (+10% HP).
Your spells are harder to cast, but more powerful.


Message History

You block the jelly's attack. The acid blob hits you!!
* * * LOW HITPOINT WARNING * * *
You are splashed with acid!
The acid corrodes you!
The acid burns!
* * * LOW HITPOINT WARNING * * *
A jelly comes into view.
You barely miss the acid blob.
The acid blob is moderately wounded.
The jelly hits you.
* * * LOW HITPOINT WARNING * * *
You are splashed with acid!
The acid burns!
* * * LOW HITPOINT WARNING * * *
You slice the acid blob!!
Your branches burn!
* * * LOW HITPOINT WARNING * * *
The acid blob is heavily wounded.
You block the acid blob's attack. The great orb of eyes gazes at you.
You easily resist.
The jelly hits you.
* * * LOW HITPOINT WARNING * * *
You are splashed with acid!
The acid corrodes you!
The acid burns!
You die...

##...........##
#.............#
#..............#
#...........>..## .
......#.........#..
....####........J..
..## ###....G....
#..J..##.#
#.♣J.G....
#....JJ......
#.............
#.......##....
#.......#. ....
#.......... ...
.......##.. ..
....... ...


You could see an acid blob, 2 great orbs of eyes, a death ooze and 3 jellies.

Vanquished Creatures
  Nikola (Depths:1)
  An acid blob (Slime:1)
  Gastronok (Lair:2)
  Kirke (D:15)
  An azure jelly (Slime:1)
  2 stone giants
  The ghost of Arkorax the Convoker, a journeyman HESu of Sif Muna (D:14)
  Azrael (D:15)
  An ettin (Depths:1)
  Snorg (D:10)
  3 fire dragons
  Fannar (Lair:1)
  8 vault guards
  An entropy weaver (Depths:1)
  Harold (D:12)
  An ogre mage (Volcano)
  5 hydras
  An ice dragon (Depths:1)
  A death knight (D:14)
  3 centaur warriors
  2 catoblepae
  2 deep troll shamans (Depths:1)
  The ghost of Potsanchik the Transmogrifier, a novice NaTm (Lair:1)
  Urug (D:10)
  3 tengu warriors
  2 deep troll earth magi (Depths:1)
  A skeletal warrior (D:14)
  An iron troll (Depths:1)
  A giant orange brain (D:15)
  3 unseen horrors
  A flayed ghost (D:10)
  5 deep trolls (Depths:1)
  8 hill giants
  A wizard (D:9)
  A shining eye (Slime:1)
  6 ugly things
  2 oklob plants (Lair:6)
  An iron dragon zombie (Abyss:2)
  A wolf spider (D:9)
  A cyclops (D:12)
  A griffon (D:14)
  3 black mambas
  Joseph (D:10)
  A spiny frog (shapeshifter) (D:15)
  2 gargoyles
  4 centaur skeletons
  6 spiny frogs
  11 komodo dragons
  An efreet (D:9)
  2 freezing wraiths (D:14)
  A fire drake (shapeshifter) (D:15)
  3 fire drakes
  A merfolk (Lair:5)
  4 two-headed ogres
  A queen bee (shapeshifter) (D:15)
  Grinder (D:5)
  29 slime creatures
  3 trolls
  8 blink frogs
  A snapping turtle (Lair:5)
  3 redbacks (Depths:1)
  A spriggan (Lair:3)
  2 redbacks (shapeshifter) (D:15)
  2 shadows (D:10)
  3 vampires
  Eustachio (D:6)
  6 wraiths
  3 wyverns
  2 basilisks
  A basilisk (shapeshifter) (D:15)
  3 hungry ghosts
  13 fire bats
  2 golden eyes (Slime:1)
  6 fire elementals
  3 hippogriffs
  3 hogs (D:15)
  63 yaks
  15 vampire mosquitoes
  A mottled dragon (D:11)
  5 wolves (Lair:6)
  A soldier ant (D:12)
  Duvessa (D:7)
  A hell hound (D:14)
  7 porcupines
  12 water moccasins
  A black bear (D:10)
  8 sky beasts
  7 ogres
  4 wasps
  A necrophage (D:13)
  17 orc warriors
  2 ice beasts
  A phantom (D:9)
  9 centaurs
  3 eyes of draining
  6 crocodiles
  23 giant frogs
  4 big kobolds
  4 gnoll sergeants (D:11)
  2 wyvern skeletons
  A water moccasin skeleton (D:4)
  Dowan (D:7)
  4 scorpions
  8 killer bees
  9 jellies
  An electric eel (Lair:5)
  6 lava snakes
  13 crimson imps
  A giant frog zombie (D:5)
  3 centaur zombies
  2 quasits
  A gnoll shaman (D:8)
  14 orc priests
  3 hounds
  24 orc wizards
  2 giant frog skeletons (D:9)
  Crazy Yiuf (D:6)
  Jessica (D:2)
  11 iguanas
  Natasha (thrice) (D:3)
  9 worker ants
  7 sheep (Lair:5)
  2 hound zombies
  A hound skeleton (D:10)
  A worker ant zombie (D:11)
  Robin (D:3)
  13 gnolls
  13 adders
  27 river rats
  4 shadow imps
  An ooze (D:3)
  6 worms
  6 giant geckos
  59 orcs
  49 bats
  3 giant cockroaches
  14 hobgoblins
  17 jackals
  10 kobolds
  3 quokkas
  4 ball pythons
  6 giant newts
  11 goblins
  A quokka skeleton (D:8)
  10 rats
  2 fungi
  4 plants (Lair:6)
809 creatures vanquished.

Vanquished Creatures (others)
  A troll (shapeshifter) (D:15)
  A hungry ghost (D:15)
  A soldier ant (shapeshifter) (D:15)
  2 humans
  2 orcs
  3 fungi
  2 plants
12 creatures vanquished.

Grand Total: 821 creatures vanquished

Notes
Turn   | Place    | Note
--------------------------------------------------------------
     0 | D:1      | Gottschkopf the Minotaur Fighter began the quest for the Orb.
     0 | D:1      | Reached XP level 1. HP: 19/19 MP: 0/0
    90 | D:1      | Reached XP level 2. HP: 27/27 MP: 1/1
   180 | D:1      | Reached skill level 4 in Shields
   631 | D:1      | Reached XP level 3. HP: 33/33 MP: 2/2
   998 | D:2      | Reached XP level 4. HP: 26/40 MP: 3/3
  1113 | D:2      | Noticed Jessica
  1118 | D:2      | Killed Jessica
  1540 | D:3      | Noticed Natasha
  1550 | D:3      | Killed Natasha
  1550 | D:3      | Reached XP level 5. HP: 45/47 MP: 4/4
  1587 | D:3      | Found an iron altar of Okawaru.
  1646 | D:3      | Reached skill level 5 in Shields
  1686 | D:3      | Reached skill level 5 in Armour
  1825 | D:3      | Found a faded altar to an unknown god.
  2028 | D:3      | Noticed Natasha
  2036 | D:3      | Killed Natasha
  2111 | D:3      | Found an ancient bone altar of Kikubaaqudgha.
  2224 | D:3      | Noticed Natasha
  2232 | D:3      | Killed Natasha
  2232 | D:3      | Reached XP level 6. HP: 44/55 MP: 5/5
  2329 | D:3      | Noticed Robin
  2339 | D:3      | Killed Robin
  2339 | D:3      | Reached skill level 5 in Fighting
  2833 | D:4      | Reached skill level 6 in Shields
  2989 | D:4      | Reached XP level 7. HP: 55/61 MP: 6/6
  3270 | D:4      | Reached skill level 5 in Long Blades
  3473 | D:5      | Entered Level 5 of the Dungeon
  3715 | D:5      | Reached skill level 1 in Short Blades
  3810 | D:5      | Found a stormy altar of Qazlal.
  3894 | D:5      | Found a staircase to the Ecumenical Temple.
  3959 | Temple   | Entered the Ecumenical Temple
  4027 | Temple   | Became a worshipper of Cheibriados the Contemplative
  4070 | D:5      | Found a snail-covered altar of Cheibriados.
  4112 | D:5      | Found Xiocvaot's Book Emporium.
  4154 | D:5      | Reached skill level 7 in Shields
  4244 | D:5      | Reached XP level 8. HP: 53/70 MP: 7/7
  4437 | D:5      | Noticed Grinder
  4469 | D:5      | Reached * piety under Cheibriados
  4479 | D:5      | Killed Grinder
  4560 | D:5      | Identified Husyppo's Collected Works on Talismans
  4837 | D:6      | Reached skill level 8 in Shields
  4921 | D:6      | Found a snail-covered altar of Cheibriados.
  4984 | D:6      | Noticed Eustachio
  5016 | D:6      | Killed Eustachio
  5210 | D:6      | Found a sparkling altar of Nemelex Xobeh.
  5258 | D:6      | Found a shimmering altar of Xom.
  5258 | D:6      | Found a shattered altar of Ashenzari.
  5296 | D:6      | Reached ** piety under Cheibriados
  5296 | D:6      | Reached XP level 9. HP: 16/79 MP: 8/8
  5689 | D:6      | Noticed Crazy Yiuf
  5694 | D:6      | Killed Crazy Yiuf
  5741 | D:6      | Found an ancient bone altar of Kikubaaqudgha.
  5773 | D:6      | Reached skill level 9 in Shields
  6067 | D:7      | Noticed a gargoyle
  6078 | D:7      | Killed a gargoyle
  6150 | D:7      | HP: 2/79 [orc priest/divine providence (11)]
  6728 | D:7      | Learned a level 2 spell: Song of Slaying
  6809 | D:7      | Noticed Duvessa
  6809 | D:7      | Noticed Dowan
  6815 | D:7      | Killed Duvessa
  6815 | D:7      | Reached skill level 10 in Shields
  6830 | D:7      | Killed Dowan
  6830 | D:7      | Reached *** piety under Cheibriados
  7324 | D:8      | Found a basalt altar of Yredelemnul.
  7640 | D:8      | Reached **** piety under Cheibriados
  7843 | D:8      | Found a staircase to the Lair.
  7856 | D:8      | Reached XP level 10. HP: 55/88 MP: 9/9
  8060 | D:8      | Found an oddly glowing altar of Pakellas.
  8060 | D:8      | Found Pakellas's Prime Provisions.
  8197 | Lair:1   | Entered Level 1 of the Lair of Beasts
  8224 | D:9      | Noticed a gargoyle
  8244 | D:9      | Reached skill level 10 in Fighting
  8244 | D:9      | Reached skill level 10 in Long Blades
  8244 | D:9      | Reached skill level 11 in Armour
  8244 | D:9      | Reached skill level 12 in Shields
  8244 | D:9      | Reached XP level 11. HP: 7/99 MP: 10/10
  8245 | D:9      | Reached XP level 12. HP: 7/110 MP: 11/11
  8526 | D:9      | Reached skill level 13 in Shields
  8635 | D:9      | Cast into level 2 of the Abyss (a wizard)
  8697 | D:9      | Escaped the Abyss
  9246 | D:9      | Reached ***** piety under Cheibriados
  9460 | D:10     | Entered Level 10 of the Dungeon
  9461 | D:10     | Noticed Urug
  9474 | D:10     | Killed Urug
  9554 | D:9      | Noticed a stone giant
  9818 | D:10     | Noticed Snorg
  9834 | D:10     | Killed Snorg
 10054 | D:10     | Found a glowing silver altar of Zin.
 10078 | D:10     | Found a basalt altar of Yredelemnul.
 10123 | D:10     | Found a shimmering altar of Xom.
 10157 | D:10     | Found a runed door.
 10161 | D:10     | Found a white marble altar of Elyvilon.
 10217 | D:10     | Found a shimmering altar of Xom.
 10252 | D:10     | Reached ****** piety under Cheibriados
 10282 | D:10     | Found a deep blue altar of Sif Muna.
 10338 | D:10     | Gained mutation: You have an increased reservoir of magic (+10% MP). [mutagenic meat]
 10339 | D:10     | Gained mutation: Scrolls take you a little longer to read. [mutagenic meat]
 10355 | D:10     | Gained mutation: You are weak. (Str -2) [mutagenic meat]
 10368 | D:10     | Gained mutation: Your mind is acute. (Int +2) [potion of mutation]
 10368 | D:10     | Gained mutation: Scrolls take you longer to read. [potion of mutation]
 10419 | D:10     | Reached skill level 14 in Shields
 10567 | D:10     | Noticed Joseph
 10586 | D:10     | Killed Joseph
 10743 | D:10     | Gained mutation: Your skin changes colour to match your surroundings (Stealth). [mutagenic meat]
 10976 | D:12     | Reached XP level 13. HP: 73/118 MP: 1/13
 11463 | D:11     | Found a staircase to the Orcish Mines.
 11505 | D:11     | Reached skill level 15 in Shields
 12235 | D:12     | Noticed Harold
 12247 | D:12     | Killed Harold
 12324 | D:12     | Found Yjoacwina's Antique Weapon Boutique.
 12823 | D:12     | Gained mutation: You are resistant to hostile enchantments. [mutagenic meat]
 12824 | D:12     | Lost mutation: Your skin changes colour to match your surroundings (Stealth). [mutagenic meat]
 13288 | D:11     | Reached skill level 16 in Shields
 13374 | D:9      | Killed a stone giant
 14392 | D:14     | Noticed a vault guard
 14392 | D:14     | Noticed a vault guard
 14392 | D:14     | Noticed a vault guard
 14393 | D:14     | Noticed a vault guard
 14393 | D:14     | Found a gate to the Vaults.
 14393 | D:14     | Noticed a vault guard
 14393 | D:14     | Noticed a vault guard
 14394 | D:14     | Noticed a vault guard
 14394 | D:14     | Noticed a vault guard
 14417 | D:13     | Killed a vault guard
 14421 | D:13     | Killed a vault guard
 14426 | D:13     | Killed a vault guard
 14722 | D:13     | Killed a vault guard
 14736 | D:13     | Killed a vault guard
 14742 | D:13     | Killed a vault guard
 14746 | D:13     | Killed a vault guard
 14746 | D:13     | Reached XP level 14. HP: 7/129 MP: 14/14
 15785 | D:14     | Noticed Arkorax's ghost (journeyman HESu)
 15799 | D:14     | Killed Arkorax's ghost
 16004 | D:14     | Found Potub's General Store.
 16012 | D:14     | Bought a potion of mutation for 40 gold pieces
 16012 | D:14     | Bought a scroll of enchant weapon for 120 gold pieces
 16012 | D:14     | Gained mutation: You are partially covered in rough black scales (AC +4, Dex -1). [potion of mutation]
 16012 | D:14     | Gained mutation: You have sharp toenails. [potion of mutation]
 16012 | D:14     | Gained mutation: Your spells are a little harder to cast, but a little more powerful. [potion of mutation]
 16404 | D:14     | Reached skill level 17 in Shields
 16440 | D:14     | Lost mutation: You are weak. (Str -2) [mutagenic meat]
 16441 | D:14     | Lost mutation: You are resistant to hostile enchantments. [mutagenic meat]
 16443 | D:14     | Lost mutation: You have sharp toenails. [mutagenic meat]
 16444 | D:14     | Gained mutation: You are surrounded by a mild repulsion field (EV +2). [mutagenic meat]
 16538 | D:14     | Gained mutation: Your spells are harder to cast, but more powerful. [potion of mutation]
 16697 | D:15     | Entered Level 15 of the Dungeon
 17202 | D:15     | Noticed Azrael
 17222 | D:14     | Reached skill level 15 in Long Blades
 17388 | D:15     | Killed Azrael
 17401 | D:15     | Noticed Kirke
 17423 | D:15     | Killed Kirke
 17701 | D:15     | Lost mutation: Scrolls take you longer to read. [mutagenic meat]
 17804 | D:15     | Gained mutation: You have sharp toenails. [mutagenic meat]
 17805 | D:15     | Gained mutation: You evolve. [mutagenic meat]
 17856 | D:15     | Found a staircase to the Depths.
 17866 | D:15     | Gained mutation: Your mind is very acute. (Int +4) [mutagenic meat]
 17867 | D:15     | Gained mutation: You are robust (+10% HP). [mutagenic meat]
 17868 | D:15     | Gained mutation: Your flesh is cold resistant. [mutagenic meat]
 18267 | Depths:1 | Entered Level 1 of the Depths
 18286 | Depths:1 | Found a gateway to a ziggurat.
 18394 | Depths:1 | Found a gateway to Hell.
 18443 | Depths:1 | Noticed Nikola
 18452 | Depths:1 | Killed Nikola
 18468 | Depths:1 | Reached XP level 15. HP: 41/152 MP: 15/15
 18473 | Depths:1 | Reached skill level 15 in Fighting
 18966 | Depths:1 | Reached skill level 18 in Shields
 19004 | Depths:1 | Lost mutation: Scrolls take you a little longer to read. [evolution]
 19004 | Depths:1 | Lost mutation: You evolve. [end of evolution]
 19941 | Lair:1   | Noticed Potsanchik's ghost (novice NaTm)
 19951 | Lair:1   | Killed Potsanchik's ghost
 20505 | Lair:1   | Noticed Fannar
 20517 | Lair:1   | Killed Fannar
 20702 | Lair:2   | Found a dark tunnel.
 20722 | Volcano  | Entered a volcano
 20797 | Volcano  | Found a bloodstained altar of Trog.
 20866 | Volcano  | Reached XP level 16. HP: 163/166 MP: 16/16
 21097 | Lair:2   | Noticed Gastronok
 21107 | Lair:2   | Killed Gastronok
 21270 | Lair:2   | Got an ancient halberd
 21276 | Lair:2   | Identified the +5 halberd of Intimidation {venom, rN+ MR+ Dex-2 SInv} (You found it on level 2 of the Lair of Beasts)
 21909 | Lair:3   | Reached skill level 19 in Shields
 24484 | Lair:5   | Found a staircase to the Shoals.
 24647 | Lair:6   | Found a hole to the Spider Nest.
 25253 | Lair:6   | Found a viscous altar of Jiyva.
 25254 | Lair:6   | Found a staircase to the Slime Pits.
 25581 | Slime:1  | Entered Level 1 of the Pits of Slime
 25770 | Slime:1  | Reached XP level 17. HP: 124/177 MP: 9/17
 25998 | Slime:1  | Gained mutation: Scrolls take you a little longer to read. [a shining eye]
 26048 | Slime:1  | Noticed an acid blob
 26048 | Slime:1  | Noticed an acid blob
 26056 | Slime:1  | Killed an acid blob
 26062 | Slime:1  | HP: 8/265 [acid (8)]
 26063 | Slime:1  | Splashed by a jelly's acid

Vault maps used:
D:1:      elethiomel_arrival_shortcut, minmay_ruptured
D:2:      uniq_jessica
D:3:      okawaru_ov_weapons_minmay, kiku_gazebo_garden_becter,
          ecumenical_altar_2, kennysheep_doodads, kennysheep_nondescript,
          uniq_natasha, uniq_robin
D:4:      kennysheep_spiral_hall, grunt_ministairs_4
D:5:      grunt_qazlal_sundering, minmay_temple_entry_nine_rooms, first_bread,
          serial_shops, nicolae_shop_statue_plus, minmay_misc_feat_more_columns,
          cheibrodos_worm_habitat, uniq_grinder
D:6:      nemelex_altar_shiori, gammafunk_temple_overflow_wave, basic_altar,
          tgw_kikubaaqudgha, uniq_eustachio, uniq_crazy_yiuf_cottage
D:7:      uniq_duvessa
D:8:      johnstein_pakellas_shop, kennysheep_mini_moat
D:9:      minmay_diamond_stairs
D:10:     due_megacathedral, uniq_urug, uniq_snorg, uniq_joseph
D:11:     kennysheep_orc_monster_closet_entryway
D:12:     serial_shops, shop, uniq_harold
D:14:     erik_vaults_2, minmay_misc_feat_x, serial_shops, shop, grunt_ogre_cave
D:15:     gammafunk_enter_depths_forms, uniq_azrael, uniq_kirke
Temple:   circular_temple_12
Lair:1:   grunt_megastairs_1, uniq_fannar
Lair:2:   nicolae_volcano_entry_hallway, grunt_megastairs_3, uniq_gastronok
Lair:3:   grunt_forest_large_clearing_hut
Lair:4:   infiniplex_staircase_pool_2, serial_bayou_shore_a
Lair:5:   dragon1_lemuel, minmay_shoals_entry_hut, beast_lair_carwin_4,
          serial_bayou_shore_b, serial_bayou_shore_b, grunt_megastairs_2
Lair:6:   minmay_lair_oklob_tunnel, spider_nest_entry_web_field, slime_altar_1,
          minmay_lair_oklob_bushes
Slime:1:  special_room
Depths:1: enter_ziggurat_e, grunt_pan_entry_in_and_out, serial_shops, shop,
          serial_glass, glass_columns_a, glass_columns_c, hell_entry,
          hangedman_eye_storm, uniq_nikola
Abyss:2:  evilmike_abyss_exit_kraken, serial_sigils_hangedman_snap
Volcano:  volcano_grotto

Action                   |  1- 3 |  4- 6 |  7- 9 | 10-12 | 13-15 | 16-18 || total
-------------------------+-------+-------+-------+-------+-------+-------++-------
Melee: Long sword        |    96 |   144 |   310 |    34 |       |       ||   584
       Short sword       |       |     7 |    59 |       |       |       ||    66
       Scimitar          |       |       |       |   295 |   750 |   379 ||  1424
 Cast: Song of Slaying   |       |       |     2 |       |       |       ||     2
Evoke: Wand              |       |       |       |       |       |     5 ||     5
  Use: Scroll            |       |       |     7 |    15 |    12 |     2 ||    36
       Potion            |       |       |     1 |     6 |     8 |     1 ||    16
 Stab: Distracted        |       |       |       |       |     1 |       ||     1
       Sleeping          |       |       |       |       |     1 |     1 ||     2
       Petrified         |       |       |       |       |       |     1 ||     1
  Eat: Chunk             |       |     7 |    10 |    12 |    37 |     9 ||    75
       Pizza             |       |       |       |       |     1 |       ||     1
